 Dungeon Crawl Stone Soup version 0.31-a0-986-g5e6e4ef867 (webtiles) character file.

Game seed: 1558717406676869757

112154 strifetoe the Executioner (level 16, -12/152 HPs)
             Began as a Minotaur Monk on Nov 17, 2023.
             Was an Elder of Cheibriados.
             Shot with an arrow by a naga sharpshooter (15 damage)
             ... led by Vashnia
             ... on level 2 of the Snake Pit.
             The game lasted 00:30:33 (27792 turns).

strifetoe the Executioner (Minotaur Monk)          Turns: 27792, Time: 00:30:34

Health: -12/152    AC: 19    Str: 33    XL:     16   Next: 11%
Magic:  17/24      EV: 20    Int: 17    God:    Cheibriados [****..]
Gold:   372        SH:  0    Dex: 24    Spells: 15/15 levels left

rFire   + . .        e - +3 battleaxe (freeze)
rCold   . . .        (shield currently unavailable)
rNeg    . . .        M - +2 swamp dragon scales
rPois   +            (helmet restricted)
rElec   .            y - +0 cloak
rCorr   .            C - +0 pair of gloves
SInv    +            i - +2 pair of boots
Will    ++...        P - amulet of faith
Stlth   +            l - ring of see invisible
HPRegen 0.45/turn    F - ring "Funaxt" {rF+ Will+ Slay+4}
MPRegen 0.19/turn

%: faith
@: mighty, very slow
A: horns 2, retaliatory headbutt
a: Renounce Religion, Bend Time, Temporal Distortion, Slouch


You were on level 2 of the Snake Pit.
You worshipped Cheibriados.
Cheibriados was greatly pleased with you.
You visited 5 branches of the dungeon, and saw 25 of its levels.

You collected 2429 gold pieces.
You spent 2057 gold pieces at shops.

Inventory:

Hand Weapons
 e - a +3 battleaxe of freezing (weapon)
 D - a +0 war axe
Missiles
 B - 2 throwing nets
Armour
 i - a +2 pair of boots (worn)
 t - a +1 plate armour of fire resistance
 y - a +0 cloak (worn)
 C - a +0 pair of gloves (worn)
 M - +2 swamp dragon scales (worn)
Jewellery
 l - a ring of see invisible (left hand)
 q - an amulet of reflection
 F - the ring "Funaxt" (right hand) {rF+ Will+ Slay+4}
   (You found it on level 14 of the Dungeon)

   [ring of slaying]

   Slay+4:    It affects your accuracy & damage with ranged weapons and melee
   (+4).
   rF+:       It protects you from fire.
   Will+:     It increases your willpower.
 P - an amulet of faith (around neck)
Wands
 a - a wand of polymorph (14)
 f - a wand of light (11)
 w - a wand of charming (27)
 E - a wand of mindburst (4)
 H - a wand of iceblast (4)
 J - a wand of flame (29)
Scrolls
 d - 8 scrolls of identify
 g - 8 scrolls of teleportation
 j - a scroll of vulnerability
 k - 3 scrolls of immolation
 m - 2 scrolls of enchant armour
 p - a scroll of summoning
 v - 4 scrolls of fog
 x - a scroll of fear
 z - 2 scrolls of blinking
 G - a scroll of amnesia
 I - 2 scrolls of revelation
Potions
 b - 3 potions of might
 c - a potion of ambrosia
 h - 4 potions of curing
 n - 3 potions of enlightenment
 o - a potion of attraction
 r - 3 potions of cancellation
 s - 4 potions of mutation
 u - 2 potions of resistance
 A - 2 potions of invisibility
 K - a potion of brilliance


   Skills:
 + Level 16.4 Fighting
 - Level 22.0 Axes
 - Level 12.0 Armour
 + Level 10.4 Dodging
 - Level 12.8 Invocations


You had 15 spell levels left.
You didn't know any spells.
Your spell library contained the following spells:

 Spells                   Type           Power      Damage    Failure   Level
 Apportation              Tloc           0%         N/A       30%         1
 Kiss of Death            Conj/Necr      0%         2d5       30%         1
 Necrotise                Necr           0%         1d4       30%         1
 Summon Small Mammal      Summ           0%         N/A       30%         1
 Blink                    Tloc           0%         N/A       41%         2
 Lesser Beckoning         Tloc           0%         N/A       41%         2
 Momentum Strike          Conj/Tloc      0%         3d8       41%         2
 Poisonous Vapours        Pois/Air       0%         N/A       41%         2
 Scorch                   Fire           0%         2d5       41%         2
 Static Discharge         Conj/Air       0%         3-3/arc   41%         2
 Sublimation of Blood     Necr           0%         N/A       41%         2
 Call Canine Familiar     Summ           0%         N/A       65%         3
 Confusing Touch          Hex            0%         N/A       65%         3
 Frozen Ramparts          Ice            0%         1d1       65%         3
 Gell's Gravitas          Tloc           0%         N/A       65%         3
 Mephitic Cloud           Conj/Pois/Air  0%         N/A       65%         3
 Sigil of Binding         Hex            0%         N/A       65%         3
 Summon Guardian Golem    Hex/Summ       0%         N/A       65%         3
 Teleport Other           Tloc           0%         N/A       65%         3
 Airstrike                Air            0%         2d(0-16)  96%         4
 Anguish                  Hex/Necr       0%         N/A       96%         4
 Cause Fear               Hex            0%         N/A       96%         4
 Dimensional Bullseye     Hex/Tloc       0%         N/A       96%         4
 Dispel Undead            Necr           0%         3d6       96%         4
 Flame Wave               Conj/Fire      0%         2d4       96%         4
 Leda's Liquefaction      Hex/Erth       0%         N/A       96%         4
 Petrify                  Tmut/Erth      0%         N/A       96%         4
 Summon Ice Beast         Ice/Summ       0%         N/A       96%         4
 Summon Lightning Spire   Summ/Air       0%         N/A       96%         4
 Freezing Cloud           Conj/Ice/Air   0%         6-21      100%        5
 Irradiate                Conj/Tmut      0%         3d11      100%        5
 Metabolic Englaciation   Hex/Ice        0%         N/A       100%        5
 Summon Forest            Summ/Tloc      0%         N/A       100%        5
 Summon Mana Viper        Hex/Summ       0%         N/A       100%        5
 Summon Cactus Giant      Summ           0%         N/A       100%        6
 Enfeeble                 Hex            0%         N/A       100%        7
 Orb of Destruction       Conj           0%         9d5       100%        7
 Ozocubu's Refrigeration  Ice            0%         4d7       100%        7
 Spellforged Servitor     Conj/Summ      0%         N/A       100%        7
 Polar Vortex             Ice            0%         N/A       100%        9


Dungeon Overview and Level Annotations

Branches:
Dungeon (15/15)            Temple (1/1) D:4            Lair (5/5) D:10
 Shoals (0/4) Lair:3        Snake (2/4) Lair:2        Slime (0/5) Lair:5
    Orc (2/2) D:12            Elf (0/3) Orc:2        Vaults (0/5) D:14
 Depths (0/4) D:15

Altars:
Ashenzari
Cheibriados
Dithmenos
Elyvilon
Fedhas
Gozag
Hepliaklqana
Kikubaaqudgha
Makhleb
Nemelex Xobeh
Okawaru
Qazlal
Ru
Sif Muna
Trog
Uskayaw
Vehumet
Wu Jian
Xom
Yredelemnul
Zin
The Shining One
Jiyva

Shops:
D:4 (   Orc:2 *[==?=

Annotations:
D:6 3 runed translucent doors, zenocrate's ghost, novice OpIE
Snake:2 Vashnia


Innate Abilities, Weirdness & Mutations

You have a pair of horns on your head.
You reflexively headbutt those who attack you in melee.


Message History

The naga sharpshooter magically shoots a bolt.
The bolt hits you!
Vashnia shoots a bolt.
The bolt hits you.
The naga sharpshooter shoots an arrow.
The arrow barely misses you.
The naga sharpshooter casts a spell.
The naga sharpshooter magically shoots a bolt.
The bolt hits you!
Things that are here:
a +0 shortbow; a +0 morningstar; a +0 robe You miss Vashnia.
You headbutt Vashnia.
Vashnia is severely wounded.
Vashnia shoots a bolt.
The bolt hits you!!
* * * LOW HITPOINT WARNING * * *
The naga sharpshooter shoots an arrow.
The arrow closely misses you.
You barely miss Vashnia.
Vashnia is severely wounded.
The naga sharpshooter casts a spell.
The naga sharpshooter magically shoots a bolt.
The bolt hits you but does no damage.
Vashnia shoots a bolt.
The bolt misses you.
Unknown command.
You feel very mighty all of a sudden.
The naga sharpshooter spits poison at you.
The splash of poison hits you but does no damage.
You resist.
The naga sharpshooter shoots a bolt.
The bolt hits you.
* * * LOW HITPOINT WARNING * * *
Vashnia gestures wildly while chanting.
Vashnia magically shoots a bolt.
The bolt hits you!
* * * LOW HITPOINT WARNING * * *
You slice Vashnia!! You freeze Vashnia.
Vashnia is almost dead.
The naga sharpshooter shoots an arrow.
The arrow hits you.
* * * LOW HITPOINT WARNING * * *
The naga sharpshooter shoots a bolt.
The bolt hits you but does no damage.
Unknown command.
You closely miss Vashnia. You headbutt Vashnia!
Vashnia is almost dead.
Vashnia shoots a bolt.
The bolt hits you!
* * * LOW HITPOINT WARNING * * *
The naga sharpshooter shoots an arrow.
The arrow hits you!
You die...

#..N)†N..N...
#..N#######..
#...#####
#..N#...# #
#...#.<.# #.
#..N#§..#
##.##...##.######
#........N)N#...#
..8...⌠..@8...<.#
#...........#...#
##.##...##.######
#.. #...#...# #.
#...#.<.#
#...#...#
#...##### #...#
....#


You could see Vashnia and 2 naga sharpshooters.

Vanquished Creatures
  Rupert (D:13)
  Nessos (D:13)
  Snorg (Lair:4)
  7 hydras
  6 centaur warriors
  2 rakshasas (D:15)
  2 catoblepae (Lair:5)
  5 anacondas
  A deep troll shaman (Lair:5)
  2 death knights (D:14)
  3 two-headed ogres
  An ogre mage (Orc:2)
  13 death yaks
  2 naga warriors (Snake:1)
  3 tengu warriors
  3 boulder beetles
  3 naga sharpshooters
  2 shock serpents (Snake:1)
  Nergalle (Lair:2)
  3 occultists
  3 skysharks
  A skeletal warrior (D:14)
  2 naga ritualists
  A lindwurm (Lair:3)
  A deep elf zephyrmancer (D:15)
  An orc knight (D:15)
  A harpy (shapeshifter) (D:14)
  A deep elf pyromancer (D:14)
  A necromancer (D:15)
  A wolf spider (D:14)
  A mana viper (Snake:1)
  7 manticores
  10 orc sorcerers (Orc:2)
  4 salamanders (Snake:1)
  10 ugly things
  8 cyclopes
  10 elephants
  A torpor snail (Lair:5)
  21 black mambas
  A gargoyle (D:13)
  5 naga magi (Snake:1)
  A guardian serpent (Snake:1)
  7 cane toads
  2 rime drakes
  2 unseen horrors
  8 komodo dragons
  2 efreet
  3 freezing wraiths
  2 tengu conjurers
  A redback zombie (D:15)
  A troll (shapeshifter) (D:13)
  5 trolls
  4 polar bears
  13 dream sheep
  A raiju (shapeshifter) (D:14)
  17 blink frogs
  2 hornets
  A blink frog (shapeshifter) (D:15)
  3 slime creatures (D:12)
  3 centaur simulacra
  Sigmund (D:5)
  A shadow (D:13)
  66 yaks
  4 wraiths
  A wyvern (Lair:2)
  4 basilisks
  5 vampire mosquitoes
  2 steam dragons
  A basilisk (shapeshifter) (D:14)
  Menkaure (D:7)
  15 nagas
  A warg (Orc:1)
  An acid dragon (D:11)
  9 water moccasins
  11 orc warriors
  A hornet zombie (D:15)
  3 ice beasts
  3 black bears
  10 ogres
  A boggart (D:14)
  7 centaurs
  35 wolves
  A phantom (D:5)
  Blork the orc (D:6)
  A kobold brigand (D:8)
  13 bullfrogs
  A gnoll sergeant (D:6)
  7 scorpions
  5 spriggan skeletons (D:10)
  A troll skeleton (D:10)
  3 electric eels
  A howler monkey (D:14)
  8 jellies
  15 orc priests
  3 hounds
  3 iguanas
  50 orc wizards
  Crazy Yiuf (D:7)
  8 gnolls
  5 adders
  4 white imps
  A worm (D:5)
  3 dart slugs
  98 orcs
  3 bats
  8 endoplasms
  2 giant cockroaches
  14 goblins
  9 hobgoblins
  11 jackals
  4 quokkas
  9 ball pythons
  2 frilled lizards (D:1)
  15 kobolds
  7 rats
731 creatures vanquished.

Vanquished Creatures (others)
  A naga (Snake:2)
  A kobold (D:8)
2 creatures vanquished.

Grand Total: 733 creatures vanquished

Notes
Turn   | Place    | Note
-------+----------+-------------------------------------------
     0 | D:1      | strifetoe the Minotaur Monk began the quest for the Orb.
     0 | D:1      | Reached XP level 1. HP: 19/19 MP: 0/0
    37 | D:1      | Reached skill level 4 in Axes
   101 | D:1      | Reached XP level 2. HP: 11/26 MP: 1/1
   259 | D:1      | Reached skill level 5 in Axes
   344 | D:1      | Reached XP level 3. HP: 31/31 MP: 2/2
   625 | D:2      | Identified the +10 dagger "Gaog" {distort, +Blink rElec
                  | Str-2 Int+5}
   865 | D:2      | Reached XP level 4. HP: 39/39 MP: 3/3
   884 | D:2      | Reached skill level 6 in Axes
  1487 | D:3      | Reached skill level 7 in Axes
  1487 | D:3      | Reached XP level 5. HP: 39/45 MP: 4/4
  1794 | D:3      | Reached skill level 8 in Axes
  2011 | D:4      | Found Tiegaot's Weapon Shop.
  2031 | D:4      | Reached XP level 6. HP: 30/51 MP: 5/5
  2129 | D:4      | Found a stormy altar of Qazlal.
  2242 | D:4      | Found a broken altar of Ashenzari.
  2724 | D:4      | Found a staircase to the Ecumenical Temple.
  2842 | Temple   | Entered the Ecumenical Temple
  2884 | Temple   | Became a worshipper of Cheibriados the Contemplative
  2884 | Temple   | Reached * piety under Cheibriados
  2884 | Temple   | Reached ** piety under Cheibriados
  2995 | D:5      | Entered Level 5 of the Dungeon
  3003 | D:5      | Reached skill level 9 in Axes
  3038 | D:5      | Reached XP level 7. HP: 34/57 MP: 6/6
  3211 | D:5      | Reached skill level 10 in Axes
  3274 | D:5      | Noticed Sigmund
  3282 | D:5      | Killed Sigmund
  3393 | D:5      | Reached skill level 11 in Axes
  3403 | D:5      | Found a white marble altar of Elyvilon.
  3864 | D:6      | Reached XP level 8. HP: 63/64 MP: 7/7
  4028 | D:6      | Found a runed translucent gate.
  4029 | D:6      | Found a runed translucent gate.
  4029 | D:6      | Noticed zenocrate's ghost (novice OpIE)
  4029 | D:6      | Noticed a kobold demonologist
  4039 | D:6      | Found a runed translucent gate.
  4058 | D:6      | Reached *** piety under Cheibriados
  4090 | D:6      | Reached skill level 12 in Axes
  4261 | D:6      | Reached skill level 1 in Armour
  4328 | D:6      | Found a hide-covered altar of Uskayaw.
  4544 | D:6      | Noticed Blork the orc
  4551 | D:6      | Killed Blork the orc
  4709 | D:6      | Reached skill level 5 in Fighting
  5229 | D:7      | Found a runed translucent door.
  5230 | D:7      | Noticed Crazy Yiuf
  5265 | D:7      | Noticed a two-headed ogre
  5273 | D:7      | Killed a two-headed ogre
  5274 | D:7      | Reached skill level 13 in Axes
  5274 | D:7      | Reached XP level 9. HP: 77/77 MP: 8/8
  5277 | D:7      | Reached skill level 5 in Armour
  5280 | D:7      | Noticed Menkaure
  5284 | D:7      | Killed Menkaure
  5322 | D:7      | Reached **** piety under Cheibriados
  6010 | D:7      | Killed Crazy Yiuf
  6181 | D:8      | Reached skill level 14 in Axes
  6181 | D:8      | Reached XP level 10. HP: 77/90 MP: 9/9
  6308 | D:8      | Reached ***** piety under Cheibriados
  7326 | D:9      | Found a shimmering altar of Xom.
  7758 | D:10     | Entered Level 10 of the Dungeon
  7924 | D:10     | Reached skill level 1 in Invocations
  8038 | D:10     | Noticed a boulder beetle
  8048 | D:10     | Killed a boulder beetle
  8049 | D:10     | Reached skill level 15 in Axes
  8131 | D:10     | Noticed a death yak
  8134 | D:10     | Noticed a death yak
  8137 | D:10     | Noticed a death yak
  8145 | D:10     | Killed a death yak
  8152 | D:10     | Killed a death yak
  8153 | D:10     | Reached XP level 11. HP: 71/97 MP: 9/13
  8159 | D:10     | HP: 2/97 [death yak (20)]
  8164 | D:10     | Killed a death yak
  8167 | D:10     | Reached skill level 5 in Invocations
  8419 | D:10     | Found a staircase to the Lair.
  8648 | D:10     | Reached skill level 16 in Axes
  9919 | D:11     | Noticed a two-headed ogre
  9921 | D:11     | a two-headed ogre changed into an ice beast
 10214 | D:12     | Noticed a red ugly thing
 10227 | D:12     | Killed a red ugly thing
 10577 | D:12     | Found a staircase to the Orcish Mines.
 10591 | D:12     | Reached ****** piety under Cheibriados
 10913 | D:12     | Reached skill level 17 in Axes
 11511 | D:14     | Identified the "Gifir"
 11511 | Lair:1   | Entered Level 1 of the Lair of Beasts
 11545 | Lair:1   | Reached XP level 12. HP: 105/105 MP: 17/17
 11691 | Lair:1   | Reached skill level 10 in Fighting
 12761 | Lair:1   | Identified a scroll of acquirement
 12764 | Lair:1   | Acquired a +2 battleaxe of freezing
 12982 | Lair:2   | Reached skill level 10 in Armour
 13233 | Lair:2   | Noticed Nergalle
 13245 | Lair:2   | Killed Nergalle
 13246 | Lair:2   | Reached skill level 10 in Invocations
 13611 | Lair:2   | Found an ancient bone altar of Kikubaaqudgha.
 13627 | Lair:2   | Found a staircase to the Snake Pit.
 14056 | Lair:2   | Reached skill level 18 in Axes
 14633 | Lair:3   | Reached XP level 13. HP: 116/116 MP: 20/20
 14651 | Lair:3   | Found a staircase to the Shoals.
 15621 | Orc:1    | Entered Level 1 of the Orcish Mines
 15666 | Orc:1    | You are sucked into a shaft and drop 1 floor!
 15666 | Orc:2    | Entered Level 2 of the Orcish Mines
 15690 | Orc:2    | Reached skill level 19 in Axes
 15692 | Orc:2    | Found a staircase to the Elven Halls.
 15720 | Orc:2    | Found Meehar's Jewellery Emporium.
 16101 | Orc:2    | Found Mapoph's CLEARANCE SALE!.
 16307 | Orc:2    | Found Raozemu's Antique Armour Emporium.
 16516 | Orc:2    | Found a radiant altar of Vehumet.
 16543 | Orc:2    | Found Orphad's Jewellery Shoppe.
 16566 | Orc:2    | Paralysed by an orc sorcerer for 2 turns
 16582 | Orc:2    | Found Ummuw's Magic Scroll Shoppe.
 16584 | Orc:2    | Found Pubrazoa's Jewellery Emporium.
 16824 | Orc:2    | Found an ancient bone altar of Kikubaaqudgha.
 16872 | Orc:2    | Bought a pair of embroidered boots for 255 gold pieces
 17222 | D:13     | Noticed Rupert
 17241 | D:13     | Killed Rupert
 17693 | D:13     | Reached skill level 20 in Axes
 18104 | D:13     | Noticed Nessos
 18106 | D:13     | Killed Nessos
 18107 | D:13     | Reached XP level 14. HP: 124/124 MP: 11/22
 19108 | Lair:4   | Reached skill level 21 in Axes
 19491 | Lair:4   | Noticed Snorg
 19513 | Lair:4   | Killed Snorg
 19907 | Lair:5   | Entered Level 5 of the Lair of Beasts
 20088 | Lair:5   | Reached skill level 22 in Axes
 20089 | Lair:5   | Found a viscous altar of Jiyva.
 20091 | Lair:5   | Found a staircase to the Slime Pits.
 21384 | Lair:5   | Identified the +0 ring mail "Zosehus" {Slay+5}
 21914 | Orc:2    | Bought shiny swamp dragon scales for 1802 gold pieces
 22075 | D:14     | Reached XP level 15. HP: 107/135 MP: 23/23
 22758 | D:14     | Reached skill level 5 in Dodging
 23562 | D:14     | Identified the ring "Funaxt" {rF+ Will+ Slay+4}
 24188 | D:14     | Found a hide-covered altar of Uskayaw.
 24207 | D:14     | Found a gate to the Vaults.
 24773 | D:15     | Entered Level 15 of the Dungeon
 25128 | D:15     | Found a staircase to the Depths.
 25775 | D:15     | Reached skill level 15 in Fighting
 26119 | Snake:1  | Entered Level 1 of the Snake Pit
 27429 | Snake:1  | Reached XP level 16. HP: 151/151 MP: 24/24
 27488 | Snake:2  | Reached skill level 10 in Dodging
 27489 | Snake:2  | Noticed Vashnia
 27792 | Snake:2  | HP: 3/152 [Vashnia/bolt (14)]
 27792 | Snake:2  | Shot with an arrow by a naga sharpshooter

Illustrated notes

Levels and vault maps discovered:
D:1:      shiori_shiawase, layout_rooms
D:2:      layout_loops_ring
D:3:      layout_rooms, kennysheep_generic_room_15
D:4:      layout_loops_ring, nicolae_qazlal_general_emergency,
          mainiacjoe_overflow_24_doors, minmay_temple_entry_enclosed_plants,
          serial_shops, shop
D:5:      layout_basic, elyvilon_altar_3, hangedman_decor_slide_cut,
          grunt_decor_arrowhead, serial_bayou_pond_d, uniq_sigmund
D:6:      layout_loops_corners, mainiacjoe_overflow_paths,
          gammafunk_ghost_nasty_kobolds, grunt_ministairs_2, uniq_blork_the_orc
D:7:      cheibrodos_quashed, layout_rooms, grunt_potential, uniq_menkaure,
          uniq_crazy_yiuf_cottage
D:8:      layout_gridville
D:9:      layout_loops_corners, lemuel_doored_altar,
          chequers_serial_rivers_micro_c
D:10:     layout_basic, dpeg_lair_monsters, hangedman_tell_no_tales
D:11:     layout_loops_corners, kennysheep_generic_room_3
D:12:     layout_basic, hiddenorc2_lemuel
D:13:     layout_roguey, kennysheep_decorative_pillar, kennysheep_another_room,
          uniq_rupert, uniq_nessos
D:14:     minmay_concentric_multi, layout_small_grid,
          hellmonk_vaults_attempted_burglary, minmay_holes,
          nicolae_uskayaw_dance_hall
D:15:     grunt_enter_depths_magical_seal, layout_basic
Temple:   minmay_crystal_spiral_temple
Lair:1:   layout_loops_ring, serial_bayou_shore_a
Lair:2:   layout_concentric_octagons, minmay_snake_entry_guardpost_small,
          basic_altar, beast_lair_carwin_4, uniq_nergalle
Lair:3:   layout_hall_layers, elwin_shoals_entry_rocks,
          cheibrodos_lair_reptile_den, lemuel_fruit_fields
Lair:4:   layout_small_grid, columned_hall_lemuel, uniq_snorg
Lair:5:   grunt_lair_end_beastmaster, layout_regular_city,
          nicolae_slime_entry_slimehenge, nicolae_lair_yak_garden
Snake:1:  layout_cave_shapes
Snake:2:  layout_onion, grunt_ministairs_4, nicolae_elevator_lobby_plus,
          uniq_roxanne, uniq_vashnia, uniq_aizul
Orc:1:    layout_caves, ebering_ghost_reflecting_pool
Orc:2:    kennysheep_orc_mage_school, layout_caves, serial_shops, shop,
          nicolae_shop_clearance

Skill      XL: |  1  2  3  4  5  6  7  8  9 10 11 12 13 14 15 16 |
---------------+-------------------------------------------------+-----
Axes           | 4 5 7 8 9 11 13 14 15 17 18 20 22 | 22.0
Armour         | 4 7 8 10 12 | 12.0
Fighting       | 6 8 9 11 13 16 | 16.4
Invocations    | 4 8 10 12 | 12.8
Dodging        | 9 10 | 10.4

Action                     |  1- 3 |  4- 6 |  7- 9 | 10-12 | 13-15 | 16-18 || total
---------------------------+-------+-------+-------+-------+-------+-------++-------
  Melee: Hand axe          |    82 |   140 |   111 |       |       |       ||   333
         Headbutt          |    15 |    21 |    51 |   120 |   177 |    12 ||   396
         War axe           |       |       |    73 |   328 |       |       ||   401
         Battleaxe         |       |       |       |    77 |   710 |    35 ||   822
 Invoke: Bend Time         |       |       |       |     8 |     7 |       ||    15
         Slouch            |       |       |       |     2 |    18 |     3 ||    23
         Temporal Distorti |       |       |       |     1 |     2 |       ||     3
  Evoke: Wand              |       |       |     4 |    12 |     5 |       ||    21
    Use: Scroll            |       |     6 |     4 |    15 |     5 |       ||    30
         Potion            |       |     2 |     3 |     8 |     1 |     1 ||    15
   Stab: Invisible         |       |       |       |     7 |       |       ||     7
         Petrified         |       |       |       |       |     1 |       ||     1
         Distracted        |       |       |       |       |     1 |       ||     1
 Armour: Robe              |    25 |       |       |       |       |       ||    25
         Chain mail        |    27 |    88 |    60 |       |       |       ||   175
         Plate armour      |       |       |    53 |   336 |   467 |       ||   856
         Swamp dragon scal |       |       |       |       |   257 |    38 ||   295
  Dodge: Dodged            |    39 |    48 |    61 |   159 |   437 |    26 ||   770
  Block: Orb               |       |     3 |    39 |    70 |       |       ||   112
         Reflection        |       |       |       |     3 |     7 |       ||    10
         Other             |       |       |       |     9 |   136 |       ||   145

Table legend: (Time is in decaauts)
 A = Elapsed time spent in this place.
 B = Non-inter-level travel time spent in this place.
 C = Inter-level travel time spent in this place.
 D = Time resting spent in this place.
 E = Time spent auto-exploring this place.
 F = Levels seen in this place.
 G = Mean time per level.
                   A        B        C        D        E       F      G
               +--------+--------+--------+--------+--------+-----+--------+
         Total |  38193 |  35008 |   3185 |   6377 |  24627 |  25 | 1527.7 |
       Dungeon |  23264 |  21200 |   2064 |   3696 |  15357 |  15 | 1550.9 |
        Temple |    102 |      2 |    100 |      0 |      0 |   1 |  102.0 |
          Lair |  10541 |   9673 |    868 |   1568 |   7106 |   5 | 2108.2 |
     Snake Pit |   1747 |   1747 |      0 |    748 |    699 |   2 |  873.5 |
  Orcish Mines |   2538 |   2387 |    151 |    364 |   1464 |   2 | 1269.0 |
               +--------+--------+--------+--------+--------+-----+--------+

Top non-repeatable levels by time:
    D:14: 3140 daAuts
  Lair:2: 2750 daAuts
    D:10: 2444 daAuts
  Lair:5: 2337 daAuts
  Lair:1: 2316 daAuts
    D:11: 2091 daAuts
    D:13: 2077 daAuts
   Orc:2: 1910 daAuts
    D:12: 1885 daAuts
     D:6: 1820 daAuts
 Snake:1: 1639 daAuts
     D:9: 1630 daAuts
  Lair:3: 1599 daAuts
    D:15: 1553 daAuts
  Lair:4: 1536 daAuts
